 Dungeon Crawl Stone Soup version 0.30.0-18-gc0e69614cb (webtiles) character file.

Game seed: 6777770527223082369

1275 hawla the Basher (level 9, -2/63 HPs)
             Began as a Meteoran Fire Elementalist on May 22, 2023.
             Shot with an arrow by a centaur (8 damage)
             ... on level 6 of the Dungeon on May 24, 2023.
             The game lasted 00:10:14 (2160 turns).

hawla the Basher (Meteoran Fire Elementalist)       Turns: 2160, Time: 00:10:15

Health: -2/63      AC:  4    Str:  9    XL:     9   Next: 9%
Magic:  14/16      EV: 13    Int: 21    God:
Gold:   178        SH:  0    Dex: 16    Spells: 9/16 levels left

rFire   . . .        g - +1 whip (venom)
rCold   . . .        (no shield)
rNeg    . . .        a - +0 robe
rPois   .            (no helmet)
rElec   .            (no cloak)
rCorr   .            c - +0 pair of gloves
SInv    .            l - +0 pair of boots
Will    +....        (no amulet)
Stlth   +            (no ring)
HPRegen 0.30/turn    (no ring)
MPRegen 0.15/turn

%: no passive effects
@: glowing
A: sense surroundings 2, otherworldly, glowing, explore regen
a: no special abilities


You were on level 6 of the Dungeon.
You visited 2 branches of the dungeon, and saw 7 of its levels.

You collected 178 gold pieces.

Inventory:

Hand Weapons
 g - a +1 whip of venom (weapon)
Armour
 a - a +0 robe (worn)
 c - a +0 pair of gloves (worn)
 l - a +0 pair of boots (worn)
Wands
 h - a wand of digging (1)
 i - a wand of paralysis (7) (quivered)
 j - a wand of flame (58)
Scrolls
 d - a scroll of poison
Potions
 b - a potion of magic
 e - a potion of cancellation
 f - a potion of brilliance
 k - a potion of lignification
 m - 2 potions of attraction
 s - a potion of resistance


   Skills:
 - Level 0.5 Fighting
 + Level 8.7 Maces & Flails
 - Level 3.0 Dodging
 - Level 1.4 Stealth
 - Level 4.4 Spellcasting
 - Level 5.4 Conjurations
 - Level 5.9 Fire Magic
 - Level 3.0 Evocations


You had 9 spell levels left.
You knew the following spells:

 Your Spells              Type           Power      Damage    Failure   Level
a - Foxfire               Conj/Fire      100%       2x1d9     1%          1
b - Scorch                Fire           58%        2d7       1%          2
c - Flame Wave            Conj/Fire      28%        2d9       11%         4

Your spell library contained the following spells:

 Spells                   Type           Power      Damage    Failure   Level
 Hailstorm                Conj/Ice       16%        3d6       11%         3
 Inner Flame              Hex/Fire       17%        N/A       11%         3
 Volatile Blastmotes      Fire/Tloc      34%        2d12      11%         3
 Freeze                   Ice            16%        1d4       12%         1
 Frozen Ramparts          Ice            8%         1d2       34%         3


Dungeon Overview and Level Annotations

Branches:
Dungeon (6/15) Zot: 1446   Temple (1/1) D:5 Zot: 598

Altars:
Ashenzari
Elyvilon
Fedhas
Hepliaklqana
Kikubaaqudgha
Makhleb
Nemelex Xobeh
Okawaru
Ru
Sif Muna
Trog
Yredelemnul
Zin
The Shining One

Shops:
D:5 *


Innate Abilities, Weirdness & Mutations

You passively map the area around you.
You are easily found by Zot.
You glow in the dark.
You regain HP and MP as you explore.


Message History

You miss the hound.
The hound is lightly wounded.
The hound closely misses you.
You barely miss the hound.
The hound is moderately wounded.
The hound bites you but does no damage.
Casting: Scorch (safe; 1% risk of failure)
Confirm with . or Enter, or press ? or * to list all spells.
Flames lash the hound.
The hound is heavily wounded.
The hound's fire resistance burns away.
The hound bites you but does no damage.
You hit the hound.
The hound looks even sicker.
The hound is severely wounded.
The hound misses you.
You closely miss the hound.
The hound is severely wounded.
The hound bites you.
You hit the hound.
The hound looks as sick as possible!
The hound is almost dead.
The hound bites you but does no damage.
You hit the hound but do no damage.
The hound looks as sick as possible!
The hound is almost dead.
You kill the hound!
You hear the hiss of a very distant avalanche of sand.
A centaur comes into view. It is quivering poisoned darts.
The centaur shouts!
The centaur wields a +0 shortbow.
The centaur shoots an arrow.
The arrow hits you!
The centaur shoots an arrow.
The arrow hits you!
* * * LOW HITPOINT WARNING * * *
The centaur shoots an arrow.
The arrow hits you.
* * * LOW HITPOINT WARNING * * *
Unknown command.
The centaur shoots an arrow.
The arrow hits you.
* * * LOW HITPOINT WARNING * * *
Found a sedimented golden potion.
The centaur shoots an arrow.
The arrow hits you.
* * * LOW HITPOINT WARNING * * *
The centaur shoots an arrow.
The arrow hits you!
You die...

#...##.).)........,,, *****
##...c......##.###*,* *,,,*
#...........#*,# *,,, *,,,*
#....#.........# *,,, *,,,***
#....#.#######.# *,,* *,,,,,*
##<#.#...,* *,# *,,*
***,,,*#######.#.##** *,*
*,,* *,,,,..........# *,*
*,,,
*,,,*#######@###******,***,**
*,,,* #.........!...,,,,,,,*
*,,,**#+####.#######**,*****
***,,,,,,,,#.# *,,,,*
*,,,,,,,,#.# ****,*
*,,,,,,,,#.# *,* *,,,,,,,,..#
*,* *,,,,,,,,.## *,*
*,,,,,,,,,* ******* *,*


You could see a centaur.

Vanquished Creatures
  Maggie (D:6)
  Eustachio (D:6)
  A sky beast (D:6)
  An ice beast (D:6)
  A black bear (D:5)
  A phantom (D:4)
  2 scorpions (D:5)
  3 hounds
  3 jellies
  An orc priest (D:5)
  An orc wizard (D:4)
  An iguana (D:5)
  4 gnolls
  5 adders
  7 orcs
  2 ball pythons
  2 endoplasms
  A giant cockroach (D:4)
  2 goblins
  A hobgoblin (D:4)
  2 jackals (D:2)
  5 kobolds
  2 quokkas
  2 rats (D:3)
52 creatures vanquished.

Vanquished Creatures (collateral kills)
  A foxfire (D:4)
1 creature vanquished.

Vanquished Creatures (others)
  134 foxfires
134 creatures vanquished.

Grand Total: 187 creatures vanquished

Notes
Turn   | Place    | Note
-------+----------+-------------------------------------------
     0 | D:1      | hawla the Meteoran Fire Elementalist began the quest for
                  | the Orb.
     0 | D:1      | Reached XP level 1. HP: 14/14 MP: 5/5
   183 | D:2      | Reached XP level 2. HP: 14/20 MP: 1/6
   186 | D:2      | Learned a level 2 spell: Scorch
   222 | D:2      | Identified the +0 leather armour "Sudux" {Harm +Inv rC-
                  | rN+}
   247 | D:2      | Reached XP level 3. HP: 14/26 MP: 1/8
   283 | D:3      | Found a sacrificial altar of Ru.
   543 | D:4      | Reached skill level 5 in Fire Magic
   543 | D:4      | Reached XP level 4. HP: 27/33 MP: 4/10
   548 | D:4      | Learned a level 4 spell: Flame Wave
   567 | D:4      | Found a bloodstained altar of Trog.
   567 | D:4      | Found an iron altar of Okawaru.
   650 | D:4      | Noticed a phantom
   658 | D:4      | Killed a phantom
   659 | D:4      | Reached XP level 5. HP: 38/38 MP: 3/11
   677 | D:4      | Reached XP level 6. HP: 45/45 MP: 3/12
   957 | D:4      | Found a glowing golden altar of the Shining One.
  1097 | D:4      | Found a shimmering blue altar of Sif Muna.
  1226 | D:5      | Entered Level 5 of the Dungeon
  1227 | D:5      | Upgraded the game from 0.30.0-17-ge0270778cf to
                  | 0.30.0-18-gc0e69614cb
  1350 | D:5      | Reached skill level 5 in Conjurations
  1398 | D:5      | Found a staircase to the Ecumenical Temple.
  1425 | D:5      | Reached XP level 7. HP: 51/51 MP: 5/13
  1433 | Temple   | Entered the Ecumenical Temple
  1667 | D:5      | Found Momotoss's Overcharged Wands.
  1862 | D:5      | Found a basalt altar of Yredelemnul.
  1938 | D:6      | Reached skill level 1 in Maces & Flails
  1943 | D:6      | Reached skill level 2 in Maces & Flails
  1970 | D:6      | Noticed Eustachio
  2002 | D:6      | Reached XP level 8. HP: 31/58 MP: 4/15
  2008 | D:6      | Reached skill level 3 in Maces & Flails
  2009 | D:6      | Noticed Maggie
  2012 | D:6      | Killed Eustachio
  2013 | D:6      | Reached skill level 5 in Maces & Flails
  2031 | D:6      | HP: 4/87 [Maggie/bolt of fire (9)]
  2034 | D:6      | Killed Maggie
  2035 | D:6      | Reached skill level 7 in Maces & Flails
  2079 | D:6      | Found a hazy altar of Hepliaklqana.
  2079 | D:6      | Found a burning altar of Makhleb.
  2098 | D:6      | Reached skill level 8 in Maces & Flails
  2098 | D:6      | Gained mutation: You passively map the area around you.
                  | [Meteoran growth]
  2098 | D:6      | Reached XP level 9. HP: 23/63 MP: 0/16
  2160 | D:6      | Shot with an arrow by a centaur

Illustrated notes

Levels and vault maps discovered:
D:1:      dpeg_arrival_chambers_temple_mockup, layout_basic,
          hellmonk_ecumenical_altar_blasted, serial_park_tiny_pond
D:2:      layout_loops_ring, serial_bayou, serial_bayou_ford_a,
          serial_bayou_pond_e, serial_bayou_lagoon_a, serial_bayou_shore_b,
          uniq_crazy_yiuf_cottage
D:3:      layout_basic, nicolae_ru_sacrificial_ziggurat,
          nicolae_qazlal_general_emergency, grunt_ministairs_7
D:4:      layout_loops_ring, grunt_temple_overflow_bloody_war, tso_oasis_becter,
          tgw_sif
D:5:      layout_loops_ring, yredelemnul_altar_generic,
          minmay_temple_entry_statues_pillars, nicolae_shop_overcharged_wands
D:6:      layout_basic, jmf_multi_god_temple, gup_ossuary_entry_pyramid,
          grunt_decor_junction, minmay_holes, uniq_eustachio, uniq_maggie
Temple:   hellmonk_temple_micro_hex

Skill      XL: |  1  2  3  4  5  6  7  8 |
---------------+-------------------------+-----
Fire Magic     | 4 5 |  5.9
Spellcasting   | 3 4 |  4.4
Conjurations   | 4 5 |  5.4
Evocations     | 3 |  3.0
Dodging        | 3 |  3.0
Maces & Flails | 2 8 |  8.7
Fighting       | |  0.5
Stealth        | |  1.4

Action                     |  1- 3 |  4- 6 |  7- 9 || total
---------------------------+-------+-------+-------++-------
  Melee: Unarmed           |     2 |       |       ||     2
         Whip              |    10 |     4 |    27 ||    41
   Cast: Foxfire           |    25 |    33 |    23 ||    81
         Scorch            |     3 |    18 |    15 ||    36
         Flame Wave        |       |       |     3 ||     3
  Evoke: Wand              |       |       |     1 ||     1
    Use: Scroll            |       |       |     8 ||     8
         Potion            |       |       |     6 ||     6
   Stab: Paralysed         |       |       |     2 ||     2
 Armour: Robe              |     9 |     3 |     9 ||    21
         Skin              |       |       |     5 ||     5
  Dodge: Dodged            |    21 |     6 |    23 ||    50
